 Dungeon Crawl Stone Soup version 0.30-a0-862-g1aabd4f9c5 (webtiles) character file.

Game seed: 4824521366260566454

38 bande the Covered (level 3, 0/24 HPs)
             Began as a Gargoyle Fighter on Mar 9, 2023.
             Slain by a jelly (1 damage)
             ... on level 1 of the Dungeon.
             The game lasted 00:02:09 (1240 turns).

bande the Covered (Gargoyle Fighter)                Turns: 1240, Time: 00:02:09

Health: 0/24       AC:  6    Str: 19    XL:     3   Next: 43%
Magic:  3/3        EV:  9    Int:  8    God:
Gold:   100        SH:  4    Dex: 11    Spells: 2/2 levels left

rFire   . . .      SeeInvis .    a - +0 war axe
rCold   . . .      Faith    .    c - +0 buckler
rNeg    + . .      Spirit   .    b - +0 scale mail
rPois   ∞          Reflect  .    l - +0 hat
rElec   +          Rampage  .    (no cloak)
rCorr   .                        (no gloves)
Will    .....                    (no boots) Stlth
                                 (no amulet)
HPRegen 0.24/turn                (no ring)
MPRegen 0.08/turn                (no ring)

@: corroded
A: sickness immunity, AC +3, negative energy resistance 1, electricity
resistance, torment resistance 1, petrification resistance
a: no special abilities


You were on level 1 of the Dungeon.
You visited 1 branch of the dungeon, and saw 2 of its levels.

You collected 100 gold pieces.

Inventory:

Hand Weapons
 a - a +0 war axe (weapon)
 k - a +4 mace
Missiles
 e - a throwing net (quivered)
Armour
 b - a +0 scale mail (worn)
 c - a +0 buckler (worn)
 l - a +0 hat (worn)
Potions
 d - a potion of might
 f - a potion of resistance
 h - a potion of flight
 j - a potion of degeneration {unknown}


   Skills:
 + Level 3.6 Fighting
 + Level 2.5 Axes
 + Level 3.7 Armour
 + Level 3.5 Shields


You had 2 spell levels left.
You didn't know any spells.
Your spell library contained the following spells:

 Spells                   Type           Power      Damage    Failure   Level
 Summon Lightning Spire   Summ/Air       0%         N/A       100%        4
 Storm Form               Tmut/Air       0%         N/A       100%        7
 Maxwell's Capacitive Co  Air            0%         ∞         100%        8


Dungeon Overview and Level Annotations

Branches:
Dungeon (2/15)

Altars:

Shops:
D:1 (


Innate Abilities, Weirdness & Mutations

You are immune to sickness and miasma.
Your stone body is resilient. (AC +3)
You are immune to poison.
You resist negative energy. (rN+)
You are resistant to electric shocks. (rElec)
You are resistant to unholy torment.
You are immune to petrification.


Message History

Things that are here:
a +0 whip of electrocution; a stone
There is an open door here.
There is an open gate here.
Things that are here:
a +0 club; 2 stones; a kobold corpse
There is a stone staircase leading up here.
The endoplasm freezes you.
You are frozen.
You block the endoplasm's attack. The endoplasm freezes you.
You are frozen.
You climb upwards.
There is a stone staircase leading down here.
You slash the endoplasm!
You kill the endoplasm!
You slash the endoplasm!
You kill the endoplasm!
No target in view!
No target in view!
You start resting.
HP restored.
You start waiting.
Done waiting.
You climb downwards.
The endoplasm misses you. The jelly barely misses you.
There is a stone staircase leading up here.
You block the endoplasm's attack. The jelly closely misses you.
You climb upwards.
There is a stone staircase leading down here.
You hit the jelly. The acid corrodes you!
Your hands burn!
The jelly is moderately wounded.
You hit the endoplasm but do no damage. The endoplasm freezes you.
You are frozen.
The jelly hits you.
You are splashed with acid!
* * * LOW HITPOINT WARNING * * *
The endoplasm freezes you.
You are frozen.
* * * LOW HITPOINT WARNING * * *
The jelly hits you.
You die...

## #..## ######## ##...## #####
#.# ##..≈).## ##...## #.#
#..≈.≈..# ##.....## #.# #.≈...≈.#
##.......## #.#
###.≈...≈.####.........#######.#
##.......≈..§##............#.....
#..≈≈≈§≈.≈.≈.##J........##.#.##.#
..≈....<.§..≈..J@......###.#.#...
≈≈....≈§§§§§.≈≈..................
.§.....≈≈≈≈§...§.......###.......
≈≈≈§≈§§.§§.§≈≈§...#.#..#####.##.#
..§§..............#.....>.##.##.#
#####.###.######..###..##.##.##.#
.............# #.## #............
######.#####.# #.#####.###.###...
###....# #.# #.......##...##...


You could see a jelly and an endoplasm.

Vanquished Creatures
  An adder (D:2)
  3 ball pythons
  5 endoplasms
  A giant cockroach (D:1)
  A goblin (D:1)
  9 kobolds
  2 quokkas
  A bat (D:2)
  A frilled lizard (D:2)
  2 rats
26 creatures vanquished.

Vanquished Creatures (others)
  2 fungi (D:2)
  10 toadstools (D:2)
12 creatures vanquished.

Grand Total: 38 creatures vanquished

Notes
Turn   | Place    | Note
-------+----------+-------------------------------------------
     0 | D:1      | bande the Gargoyle Fighter began the quest for the Orb.
     0 | D:1      | Reached XP level 1. HP: 14/14 MP: 1/1
   522 | D:1      | Reached XP level 2. HP: 19/19 MP: 2/2
   549 | D:1      | Found Xapev's Antique Weapon Boutique.
   866 | D:2      | Reached XP level 3. HP: 23/23 MP: 3/3
  1240 | D:1      | HP: 1/24 [frozen (4)]
  1240 | D:1      | Slain by a jelly

Illustrated notes

Levels and vault maps discovered:
D:1:      ebering_trefoil_3fold, layout_loops_corners, serial_shops,
          nicolae_shop_hallway_stairs, minmay_misc_feat_hallway
D:2:      cheibrodos_fertilizer, layout_rooms

Skill      XL: |  1  2 |
---------------+-------+-----
Axes           | 2 |  2.5
Fighting       | |  3.6
Armour         | |  3.7
Shields        | |  3.5

Action                     || total
---------------------------++-------
  Melee: War axe           ||    69
    Use: Scroll            ||     6
 Armour: Scale mail        ||    36
  Dodge: Dodged            ||    33
  Block: Buckler           ||    12

Table legend: (Time is in decaauts)
 A = Elapsed time spent in this place.
 B = Non-inter-level travel time spent in this place.
 C = Inter-level travel time spent in this place.
 D = Time resting spent in this place.
 E = Time spent auto-exploring this place.
 F = Levels seen in this place.
 G = Mean time per level.
                   A        B        C        D        E       F      G
               +--------+--------+--------+--------+--------+-----+--------+
         Total |   1270 |   1270 |      0 |    114 |    889 |   2 |  635.0 |
       Dungeon |   1270 |   1270 |      0 |    114 |    889 |   2 |  635.0 |
               +--------+--------+--------+--------+--------+-----+--------+

Top non-repeatable levels by time:
     D:1: 926 daAuts
     D:2: 344 daAuts
